 Dungeon Crawl Stone Soup version 0.29.1-2-gbd0b4ee654 (console) character file.

Game seed: 10374067745743008046

2193 Goreval the Basher (level 9, -3/75 HPs)
             Began as a Meteoran Gladiator on Nov 23, 2022.
             Was a Believer of Okawaru.
             Slain by Grum
             ... wielding a -1 halberd of distortion
              (8 damage)
             ... on level 8 of the Dungeon.
             The game lasted 00:32:57 (3715 turns).

Goreval the Basher (Meteoran Gladiator)             Turns: 3715, Time: 00:32:58

Health: -3/75      AC: 30    Str: 20    XL:     9   Next: 90%
Magic:  14/14      EV:  9    Int: 10    God:    Okawaru [**....]
Gold:   111        SH:  6    Dex: 13    Spells: 8/8 levels left

rFire   . . .      SeeInvis .   a - +0 flail
rCold   + . .      Faith    .   h - +0 buckler
rNeg    . . .      Spirit   .   O - +1 plate armour of the Unbroken {rElec rC+ rCorr Dex-3}
rPois   .          Reflect  .   c - +0 helmet
rElec   +          Harm     .   (no cloak)
rCorr   +          Rampage  .   z - +0 pair of gloves
Will    +....                   v - +2 pair of boots
Stlth   ..........              (no amulet)
HPRegen 0.22/turn               J - +4 ring of protection
MPRegen 0.14/turn               G - +4 ring of protection

@: heroic, glowing
A: sense surroundings 2, otherworldly, glowing, explore regen
a: Renounce Religion, Heroism


You were on level 8 of the Dungeon.
You worshipped Okawaru.
Okawaru was pleased with you.
You visited 2 branches of the dungeon, and saw 10 of its levels.
You also visited: Sewer.

You collected 243 gold pieces.
You spent 132 gold pieces at shops.

Inventory:

Hand Weapons
 a - a +0 flail (weapon)
 N - a +5 vorpal quarterstaff
Missiles
 d - 3 throwing nets
 e - a javelin
 f - 3 poisoned darts
 m - 42 stones (quivered)
 p - a curare-tipped dart
 D - 2 boomerangs
Armour
 b - a +0 leather armour
 c - a +0 helmet (worn)
 h - a +0 buckler (worn)
 u - a +0 ring mail
 v - a +2 pair of boots (worn)
 z - a +0 pair of gloves (worn)
 O - the +1 plate armour of the Unbroken (worn) {rElec rC+ rCorr Dex-3}
   (You found it on level 7 of the Dungeon)

   Dex:       It affects your dexterity (-3).
   rC:        It protects you from cold.
   rElec:     It insulates you from electricity.
   rCorr:     It protects you from acid and corrosion.
 P - +0 steam dragon scales
Magical Staves
 k - a staff of death
 I - a staff of poison
Jewellery
 i - a ring of wizardry
 G - a +4 ring of protection (right hand)
 J - a +4 ring of protection (left hand)
Wands
 o - a wand of light (13)
 y - a wand of flame (15)
 F - a wand of polymorph (11)
Scrolls
 g - 5 scrolls of enchant weapon {unknown}
 j - 3 scrolls of vulnerability {unknown}
 l - 2 scrolls of teleportation {unknown}
 n - 4 scrolls of identify {unknown}
 s - a scroll of summoning {unknown}
 t - 5 scrolls of blinking {unknown}
 x - a scroll of magic mapping {unknown}
 K - a scroll of noise {unknown}
 M - 2 scrolls of fear {unknown}
Potions
 q - 3 potions of heal wounds
 r - 2 potions of flight
 w - 2 potions of brilliance {unknown}
 A - 2 potions of attraction {unknown}
 B - a potion of ambrosia
 C - a potion of curing
 E - a potion of degeneration {unknown}
 H - a potion of might
 L - a potion of resistance {unknown}


   Skills:
 + Level 5.8(10.8) Fighting
 * Level 10.3(15.3) Maces & Flails
 - Level 4.0(9.0) Throwing
 + Level 5.8(10.8) Armour
 - Level 4.0(9.0) Dodging
 - Level 4.0(9.0) Shields
 + Level 6.0 Invocations


You had 8 spell levels left.
You didn't know any spells.
Your spell library contained the following spells:

 Spells                   Type           Power      Damage    Failure   Level
 Magic Dart               Conj           0%         1d3       100%        1
 Shock                    Conj/Air       0%         1d3       100%        1
 Searing Ray              Conj           0%         2d4       100%        2
 Sublimation of Blood     Necr           0%         N/A       100%        2
 Stone Arrow              Conj/Erth      0%         3d7       100%        3
 Swiftness                Air            0%         N/A       100%        3
 Airstrike                Air            0%         2d(0-16)  100%        4
 Fulminant Prism          Conj/Hex       0%         3d6       100%        4
 Petrify                  Tmut/Erth      0%         N/A       100%        4
 Irradiate                Conj/Tmut      0%         3d11      100%        5
 Lehudib's Crystal Spear  Conj/Erth      0%         10d2      100%        8
 Animate Armour           Summ/Erth      Unusable   N/A       N/A         4

Dungeon Overview and Level Annotations

Branches:
Dungeon (9/15) Zot: 1874   Temple (1/1) D:5 Zot: 514   Sewer (visited)
   Lair: D:8-11         Orc: D:9-12

Altars:
Ashenzari
Cheibriados
Dithmenos
Elyvilon
Fedhas
Kikubaaqudgha
Okawaru
Qazlal
Ru
Sif Muna
Trog
Vehumet
Wu Jian
Xom
Yredelemnul
Zin
The Shining One

Shops:
D:5 !   D:7 (

Annotations:
D:6 Sigmund
D:8 Grum


Innate Abilities, Weirdness & Mutations

You passively map the area around you.
You are easily found by Zot.
You glow in the dark.
You regain HP and MP as you explore.


Message History

You closely miss Grum. You hit Grum but do no damage.
Grum zaps a wand.
You resist with almost no effort.
You barely miss Grum. Grum hits you but does no damage.
You blink.
Found 11 stones.
The howler monkey hoots and howls with incredible vigour!
You barely miss the wolf. You block the wolf's attack.
The wolf attacks as you move away! The wolf bites you but does no damage.
The howler monkey hoots and howls with incredible vigour!
You block the wolf's attack.
You barely miss the wolf. You block the wolf's attack.
The wolf closely misses you.
You closely miss the wolf. The wolf closely misses you.
You thump the wolf! The wolf bites you but does no damage.
You miss the wolf. The wolf closely misses you. Grum closely misses you.
You closely miss the wolf. The wolf bites you but does no damage.
Grum misses you. The wolf barely misses you.
You hit the wolf. The wolf bites you but does no damage.
Grum closely misses you.
The howler monkey hoots and howls with incredible vigour!
You hit the wolf. The wolf barely misses you.
You hit the wolf but do no damage. The wolf bites you.
Grum hits you from afar with a -1 halberd of distortion.
Space warps around you. You block the wolf's attack.
You miss the wolf.
Grum hits you from afar with a -1 halberd of distortion!
Space warps horribly around you!! The wolf bites you.
* * * LOW HITPOINT WARNING * * *
You closely miss the wolf. You block the wolf's attack.
Grum hits you from afar with a -1 halberd of distortion.
* * * LOW HITPOINT WARNING * * *
Space warps around you.
* * * LOW HITPOINT WARNING * * *
You hit the wolf. The wolf bites you but does no damage.
Unknown command.
You hit the wolf. The wolf bites you but does no damage.
Grum hits you from afar with a -1 halberd of distortion!
* * * LOW HITPOINT WARNING * * *
Space warps horribly around you!
You die...

* ** #.* *** *, , , , ,* .# , , *
.# ** , , * * , ,,* * * .### , ,,
* , , *,, ..# , , * , , #.## , ,
##..##### , .. *, #+# ,, *
#.#.##..,, ,.., *, #.# ,
#.#.##.#####.### *, * *#.# *
#.#.##......... * * #.# *
#.#....#**##.#* #.#
#.####.####..#####. * * *
*#.#####*##.######.#
#............. * * ,* *
#.#(..##..........####+####..####.
, ,*
#.##........#.######.........#..#
* * **
#......(.....$######............#
*
######...##........#..........#.#
* , , , ,
+...+................[.>.#...,, **
* *#...##.#####.##[........######
* #hg.....................#
#h####.#####.###........# * #@# #
#.# ########## ######## #.# * #.#
#......# #.. * * #.# #......# , *
#.#. #.# #[.....# * * , ,..... #.#
#...<..# * * ### .. #.# #......#
*, ,, ... #.# #......# , , ..# #.#
#......# *, , , , * #.# #......# ,
_ * * #.# ####'### ,, , #.# #.# *,
, ,, #.# #.#### , #.# #....# * *
#.# ####.# , * #.# #.# , #.# #.#
** * * #.#######################.#
#.......................).#
###########################


You could see Grum, a wolf and a howler monkey.

Vanquished Creatures
  Joseph (D:8)
  Grinder (D:2)
  A steam dragon (D:7)
  2 water moccasins
  An ogre (D:4)
  A wolf (D:8)
  2 centaurs
  A phantom (D:6)
  A kobold brigand (Sewer)
  A bullfrog (D:8)
  2 necrophages
  A scorpion (D:5)
  A howler monkey (D:5)
  4 hounds
  2 jellies
  2 orc priests (D:7)
  2 iguanas (D:5)
  2 orc wizards
  7 adders
  3 ufetubi
  2 worms (D:3)
  A dart slug (D:4)
  13 orcs
  7 bats
  2 endoplasms
  6 giant cockroaches
  5 goblins
  6 hobgoblins
  6 jackals
  7 quokkas
  8 ball pythons
  2 frilled lizards
  5 kobolds
  11 rats
119 creatures vanquished.

Notes
Turn   | Place    | Note
-------+----------+-------------------------------------------
     0 | D:1      | Goreval the Meteoran Gladiator began the quest for the Orb.
     0 | D:1      | Reached XP level 1. HP: 17/17 MP: 2/2
   110 | D:1      | Reached XP level 2. HP: 15/24 MP: 3/3
   234 | D:1      | Reached XP level 3. HP: 28/30 MP: 4/4
   583 | D:2      | Reached skill level 1 in Armour
   612 | D:3      | Reached XP level 4. HP: 37/37 MP: 5/5
   695 | D:2      | Reached skill level 5 in Maces & Flails
   729 | D:3      | Noticed Grinder
   735 | D:3      | Paralysed by Grinder for 2 turns
   748 | D:2      | Reached skill level 1 in Shields
   753 | D:2      | Killed Grinder
   754 | D:2      | Reached skill level 6 in Maces & Flails
   754 | D:2      | Reached XP level 5. HP: 22/45 MP: 6/6
   754 | D:2      | Reached XP level 6. HP: 25/51 MP: 7/7
  1007 | D:3      | Found a glowing drain.
  1011 | Sewer    | Entered a sewer
  1102 | Sewer    | Reached XP level 7. HP: 31/57 MP: 8/8
  1150 | Sewer    | Found a glowing silver altar of Zin.
  1251 | D:3      | Found a broken altar of Ashenzari.
  1664 | D:3      | Found a basalt altar of Yredelemnul.
  1721 | D:5      | Entered Level 5 of the Dungeon
  2148 | D:4      | Reached skill level 7 in Maces & Flails
  2278 | D:5      | Found a staircase to the Ecumenical Temple.
  2290 | Temple   | Entered the Ecumenical Temple
  2364 | Temple   | Became a worshipper of Warmaster Okawaru
  2386 | D:5      | Reached XP level 8. HP: 57/66 MP: 9/9
  2430 | D:5      | Found Mumauph's Distillery.
  2436 | D:5      | Bought a potion of ambrosia for 96 gold pieces
  2436 | D:5      | Bought a potion of curing for 36 gold pieces
  2618 | D:5      | Reached skill level 8 in Maces & Flails
  2655 | D:6      | Reached * piety under Okawaru
  2656 | D:6      | Reached skill level 1 in Invocations
  2672 | D:6      | Noticed Sigmund
  2908 | D:6      | Found a snail-covered altar of Cheibriados.
  2989 | D:6      | Gained mutation: You passively map the area around you.
                  | [Meteoran growth]
  2989 | D:6      | Reached XP level 9. HP: 73/73 MP: 10/12
  3070 | D:7      | Found Acliebum's Antique Weapon Boutique.
  3088 | D:7      | Reached skill level 5 in Fighting
  3315 | D:7      | Reached skill level 9 in Maces & Flails
  3417 | D:8      | Reached skill level 5 in Armour
  3460 | D:8      | Noticed Joseph
  3479 | D:8      | Killed Joseph
  3479 | D:8      | Reached ** piety under Okawaru
  3480 | D:8      | Reached skill level 5 in Invocations
  3626 | D:7      | Identified the +1 plate armour of the Unbroken {rElec rC+
                  | rCorr Dex-3}
  3657 | D:7      | Reached skill level 10 in Maces & Flails
  3686 | D:8      | Noticed Grum
  3715 | D:8      | Slain by Grum

Illustrated notes

Levels and vault maps discovered:
D:1:      lemuel_arrival_cross, layout_basic, nicolae_figureground_sparkle
D:2:      layout_loops_corners, kennysheep_generic_room_10
D:3:      minmay_chambers_of_threes, layout_rooms, cheibrodos_ashenzari_chains,
          marbit_many_paths, gup_sewer_entry_spiral, uniq_grinder
D:4:      layout_basic, kennysheep_nub, minmay_misc_feat_encased
D:5:      layout_rooms, minmay_temple_entry_waves, serial_shops, shop,
          serial_curves, eino_curves_04, eino_curves_04, eino_curves_03
D:6:      layout_basic, grunt_temple_overflow_opulence, cheibrodos_worm_habitat,
          uniq_sigmund
D:7:      layout_basic, serial_shops, shop_fountains, kennysheep_cross_room
D:8:      layout_basic, lemuel_tele_altar, uniq_grum, uniq_joseph, uniq_amaemon,
          uniq_erica
D:9:      layout_big_octagon, mainiacjoe_overflow_alcove_4, dpeg_oklobed_lair,
          orc_david_3, enter_bailey_5, chequers_decorated_corner, minmay_holes,
          abandoned_shop, blue_anna_alchemist
Temple:   compressed_dpeg_circular_temple

Skill      XL: |  1  2  3  4  5  6  7  8  9 |
---------------+----------------------------+-----
Armour         | 1 2 3 4 5 |  5.8
Maces & Flails | 6 7 8 10 | 10.3
Dodging        | 4 |  4.0
Shields        | 2 3 4 |  4.0
Fighting       | 3 4 5 |  5.8
Throwing       | 3 4 |  4.0
Invocations    | 2 6 |  6.0

Action                   |  1- 3 |  4- 6 |  7- 9 || total
-------------------------+-------+-------+-------++-------
Melee: Flail             |    81 |    98 |   317 ||   496
Throw: Stone             |     3 |       |     6 ||     9
       Dart              |       |     2 |       ||     2
Invok: Heroism           |       |       |     3 ||     3
Evoke: Wand              |       |       |     1 ||     1
  Use: Potion            |       |     1 |     1 ||     2
Armor: Leather armour    |    33 |    16 |    30 ||    79
       Ring mail         |       |       |    88 ||    88
       Plate armour      |       |       |    20 ||    20
Dodge: Dodged            |    53 |    42 |   115 ||   210
Block: Buckler           |     9 |    17 |    72 ||    98
